 Dungeon Crawl Stone Soup version 0.25.1-2-g60ff931df9 (webtiles) character file.

Game seed: 3961510461294929180

3409 wutend the Grappler (level 9, -5/93 HPs)
             Began as a Troll Berserker on Sept 22, 2020.
             Was a High Priest of Trog.
             Slain by a hornet (6 damage)
             ... on level 7 of the Dungeon on Sept 24, 2020.
             The game lasted 00:52:44 (6101 turns).

wutend the Grappler (Troll Berserker)               Turns: 6101, Time: 00:52:44

Health: -5/93      AC:  9    Str: 27    XL:     9   Next: 75%
Magic:  8/8        EV: 12    Int:  5    God:    Trog [*****.]
Gold:   227        SH:  0    Dex: 10    Spells: 8/8 levels left

rFire    . . .     SeeInvis .     - Unarmed
rCold    . . .     Gourm    +   (no shield)
rNeg     . . .     Faith    .   a - +1 animal skin
rPois    .         Spirit   .   (helmet restricted)
rElec    .         Reflect  .   y - +1 cloak
rCorr    .         Harm     .   (gloves unavailable)
MR       ++...                  (boots unavailable)
Stlth    +.........             e - amulet of regeneration
HPRegen  2.05/turn              (no ring)
MPRegen  0.11/turn              (no ring)

@: lethally poisoned (-5 -> -10), regenerating, slowed, very slow
A: large, unfitting armour, claws 3, fast metabolism 3, gourmand, regeneration
1, shaggy fur 1, tough skin 3
a: Berserk, Trog's Hand, Brothers in Arms, Renounce Religion


You were on level 7 of the Dungeon.
You worshipped Trog.
Trog was extremely pleased with you.
You were very full.

You visited 2 branches of the dungeon, and saw 8 of its levels.
You also visited: Sewer.

You collected 479 gold pieces.
You spent 252 gold pieces at shops.

Inventory:

Armour
 a - a +1 animal skin (worn)
 y - a +1 cloak (worn)
Jewellery
 e - an amulet of regeneration (around neck)
 i - an uncursed amulet of guardian spirit {unknown}
 q - an uncursed amulet of the acrobat
 v - a cursed -4 ring of strength {unknown}
 x - an uncursed ring of positive energy {unknown}
 z - a +4 ring of protection {unknown}
Wands
 m - a wand of flame (33)
 o - a wand of digging (3)
 p - a wand of acid (19)
Scrolls
 c - a scroll of magic mapping
 f - a scroll of enchant armour
 g - 11 scrolls of teleportation
 n - 7 scrolls of remove curse
 w - a scroll of fog
Potions
 d - 2 potions of stabbing
 j - a potion of magic {unknown}
 k - a potion of haste
 l - 2 potions of flight {unknown}
 r - 6 potions of invisibility
 s - 2 potions of berserk rage {unknown}
 t - 3 potions of curing {unknown}
 u - 3 potions of degeneration {unknown}
Comestibles
 b - 18 rations
 h - 7 chunks of flesh


   Skills:
 + Level 7.2 Fighting
 + Level 7.2 Dodging
 + Level 8.6 Unarmed Combat


You had 8 spell levels left.
You didn't know any spells.
Your spell library was empty.

Dungeon Overview and Level Annotations

Branches:
Dungeon (7/15)             Temple (1/1) D:5           Sewer (visited)

Altars:
Cheibriados
Dithmenos
Fedhas
Gozag
Nemelex Xobeh
Trog
Wu Jian
Xom
Yredelemnul
Zin
The Shining One

Shops:
D:5 **?   D:6 }   D:7 [


Innate Abilities, Weirdness & Mutations

You are too large for most types of armour.
You have claws for hands.
Your metabolism is lightning-fast.
You like to eat raw meat.
Your natural rate of healing is unusually fast.
You are covered in fur. (AC +1)
You have extremely tough skin. (AC +3)


Message History

You feel as though you will be slow longer.
You feel very sick. The hornet stings you!
* * * LOW HITPOINT WARNING * * *
You shrug off the repeated paralysis!
You can move again.
You closely miss the hornet.
You feel very sick. The hornet misses you. The hornet stings you!
* * * LOW HITPOINT WARNING * * *
You are lethally poisoned!
You feel as though you will be slow longer.
The hornet closely misses you.
* * * LOW HITPOINT WARNING * * *
You feel very sick. The hornet misses you.
* * * LOW HITPOINT WARNING * * *
You feel very sick. The hornet stings you.
You die...

.. #.# #. #. #.# ##
#.#######.# #
#........)# #.
#..######)### #(. #.##
#)..# #.#
#/.#####.#.........
#######....##.######.###
.......@.............
######.y......###...#
#............###
#.............
##....##.......
#.>..#..#......
#....#.(.......
#.....######### ##.....


You could see a hornet.

Vanquished Creatures
  Pikel (D:5)
  The ghost of Kold the Insei, a novice OpTm (D:5)
  Prince Ribbit (D:5)
  A spriggan (D:7)
  Duvessa (D:6)
  3 ice beasts
  An orc warrior (D:6)
  3 ogres
  A centaur (D:5)
  Dowan (D:6)
  2 scorpions (D:4)
  3 crimson imps (D:3)
  A quasit (D:7)
  2 hounds (D:6)
  5 orc priests
  A jelly (D:5)
  A bullfrog skeleton (D:6)
  Jessica (D:2)
  Ijyb (D:5)
  4 iguanas
  12 orc wizards
  Natasha (thrice) (D:2)
  9 worker ants
  A hound zombie (D:6)
  4 adders
  2 shadow imps
  2 oozes
  5 worms
  4 dart slugs
  6 leopard geckos
  29 orcs
  17 bats
  8 giant cockroaches
  6 goblins
  3 hobgoblins
  20 jackals
  11 kobolds
  4 quokkas (D:3)
  5 ball pythons
  A ball python zombie (D:5)
  8 frilled lizards
  7 rats
202 creatures vanquished.

Vanquished Creatures (others)
  An orc wizard (D:2)
  An orc (D:7)
2 creatures vanquished.

Grand Total: 204 creatures vanquished

Notes
Turn   | Place    | Note
-------+----------+-------------------------------------------
     0 | D:1      | wutend the Troll Berserker began the quest for the Orb.
     0 | D:1      | Reached XP level 1. HP: 22/22 MP: 0/0
   151 | D:1      | Reached XP level 2. HP: 19/29 MP: 1/1
   581 | D:1      | Reached XP level 3. HP: 34/36 MP: 2/2
   754 | D:2      | Noticed Natasha
   766 | D:2      | Killed Natasha
   816 | D:2      | Reached XP level 4. HP: 45/45 MP: 3/3
   846 | D:2      | Found a snail-covered altar of Cheibriados.
   881 | D:2      | Reached ** piety under Trog
   887 | D:2      | Noticed Natasha
   903 | D:2      | Noticed Jessica
   919 | D:2      | Killed Jessica
   919 | D:2      | Reached skill level 4 in Unarmed Combat
   927 | D:2      | Killed Natasha
   927 | D:2      | Reached XP level 5. HP: 38/53 MP: 4/4
   978 | D:2      | Noticed Natasha
   985 | D:2      | Killed Natasha
  1132 | D:2      | Found a faded altar of an unknown god.
  1602 | D:3      | Reached *** piety under Trog
  1727 | D:3      | Reached XP level 6. HP: 60/62 MP: 5/5
  1844 | D:3      | Found a glowing golden altar of the Shining One.
  2319 | D:3      | Found a shimmering altar of Xom.
  2374 | D:3      | Reached skill level 5 in Unarmed Combat
  2515 | D:4      | Reached XP level 7. HP: 65/70 MP: 6/6
  3176 | D:4      | Reached **** piety under Trog
  3321 | D:5      | Entered Level 5 of the Dungeon
  3344 | D:5      | Found a runed translucent gate.
  3344 | D:5      | Found a runed translucent gate.
  3346 | D:5      | Found an opulent altar of Gozag.
  3346 | D:5      | Found a runed translucent gate.
  3348 | D:5      | Noticed Kold's ghost (novice OpTm)
  3363 | D:5      | Killed Kold's ghost
  3363 | D:5      | Reached skill level 5 in Fighting
  3363 | D:5      | Reached skill level 5 in Dodging
  3363 | D:5      | Reached skill level 6 in Unarmed Combat
  3363 | D:5      | Reached XP level 8. HP: 80/80 MP: 7/7
  3452 | D:5      | Identified the +8 short sword "Dunuin" {antimagic, Str+4}
  3536 | D:5      | Found a glowing drain.
  3595 | Sewer    | Entered a sewer
  4201 | D:5      | Found Gaanwep's Assorted Antiques.
  4383 | D:5      | Found Gama's General Store.
  4411 | D:5      | Noticed Ijyb
  4413 | D:5      | Killed Ijyb
  4481 | D:5      | Found a staircase to the Ecumenical Temple.
  4510 | Temple   | Entered the Ecumenical Temple
  4578 | D:5      | Noticed Prince Ribbit
  4653 | D:5      | Killed Prince Ribbit
  4653 | D:5      | Reached skill level 7 in Unarmed Combat
  4671 | D:5      | Noticed Pikel
  4678 | D:5      | Killed Pikel
  4678 | D:5      | Reached XP level 9. HP: 77/91 MP: 8/8
  4839 | D:5      | Found Dufiej's Magic Scroll Shop.
  4846 | D:5      | Bought a scroll of noise for 14 gold pieces
  4846 | D:5      | Bought a scroll of identify for 28 gold pieces
  5028 | D:6      | Found a blossoming altar of Fedhas.
  5033 | D:6      | Found an ornate altar of the Wu Jian Council.
  5034 | D:6      | Found a shadowy altar of Dithmenos.
  5034 | D:6      | Found a glowing silver altar of Zin.
  5066 | D:6      | Found Oguemn's Gadget Emporium.
  5078 | D:6      | Reached skill level 8 in Unarmed Combat
  5153 | D:6      | Noticed Duvessa
  5154 | D:6      | Noticed Dowan
  5167 | D:6      | Killed Duvessa
  5168 | D:6      | Killed Dowan
  5440 | D:6      | Found a bloodstained altar of Trog.
  5462 | D:6      | Found a sparkling altar of Nemelex Xobeh.
  5804 | D:7      | Found Deor's Antique Armour Boutique.
  5813 | D:7      | Bought a runed cloak for 210 gold pieces
  5913 | D:7      | Found a basalt altar of Yredelemnul.
  5968 | D:7      | Reached ***** piety under Trog
  6097 | D:7      | Paralysed by a hornet for 2 turns
  6100 | D:7      | HP: 4/93 [poisoned by a hornet]
  6101 | D:7      | HP: 1/93 [poisoned by a hornet]
  6101 | D:7      | Slain by a hornet

Illustrated notes

Levels and vault maps discovered:
D:1:      denvon_arrival_waterhouse, layout_basic
D:2:      layout_loops_ring, lemuel_crystal_altar,
          chequers_ecumenical_altar_simple, uniq_natasha, uniq_jessica
D:3:      layout_loops_ring, led_xom_imps, nicolae_tso_swordbearing_angel
D:4:      layout_loops_corners, first_ration
D:5:      layout_basic, minmay_temple_entry_grid, serial_shops, kennysheep_mini,
          shop, nicolae_shop_behind_doors, ebering_ghost_gozag,
          gup_sewer_entry_glass, uniq_pikel, uniq_prince_ribbit1, uniq_ijyb
D:6:      layout_basic, lemuel_round_altar, grunt_temple_overflow_open,
          nemelex_xobeh_ov_fountains_minmay, serial_shops, nicolae_shop_stone,
          minmay_misc_feat_columns, uniq_duvessa
D:7:      layout_rooms, nicolae_overflow_crystal_walls, serial_shops, shop,
          hex_tiny, the_bakery, minmay_curled_crystal, wad_mini_maze,
          uniq_joseph, uniq_harold
Temple:   minmay_temple_curvy_loop

Skill      XL: |  1  2  3  4  5  6  7  8  9 |
---------------+----------------------------+-----
Fighting       | 3 4 5 6 7 |  7.2
Dodging        | 3 4 5 6 7 |  7.2
Unarmed Combat | 4 5 6 7 8 |  8.6

Action                   |  1- 3 |  4- 6 |  7- 9 || total
-------------------------+-------+-------+-------++-------
Melee: Unarmed           |    74 |   234 |   323 ||   631
       Punch             |       |     2 |     8 ||    10
Invok: Berserk           |     1 |     2 |       ||     3
       Trog's Hand       |       |     1 |     5 ||     6
  Use: Scroll            |       |     1 |    12 ||    13
 Stab: Sleeping          |     1 |     1 |     2 ||     4
       Invisible         |       |     2 |       ||     2
  Eat: Chunk             |    14 |    16 |    38 ||    68
Armor: Animal skin       |    22 |    94 |   131 ||   247
Dodge: Dodged            |    51 |   100 |   170 ||   321
